 Dungeon Crawl Stone Soup version 0.30-a0-347-gf58ed5266c (webtiles) character file.

Game seed: 9112737375262339486

247353 Lobster4 the Warrior (level 19, -7/265 HPs)
             Began as a Hill Orc Fire Elementalist on Nov 5, 2022.
             Was an Initiate of Gozag.
             Mangled by an angel
             ... wielding a +3 whip of holy wrath
              (19 damage)
             ... on level 2 of the Elven Halls on Nov 6, 2022.
             The game lasted 05:01:15 (67816 turns).

Lobster4 the Warrior (Hill Orc Fire Elementalist)  Turns: 67816, Time: 05:01:16

Health: -7/265     AC: 16    Str: 21    XL:     19   Next: 53%
Magic:  4/41       EV: 12    Int: 18    God:    Gozag
Gold:   4225       SH:  0    Dex: 11    Spells: 7/37 levels left

rFire   + + .      SeeInvis +    a - +5 hand axe of Hubris {elec, +Blink rF+}
rCold   + . .      Faith    .    (no shield)
rNeg    + . .      Spirit   .    k - +2 leather armour {rPois}
rPois   +          Reflect  .    q - +1 helmet of the Beginning {rCorr SInv}
rElec   .          Harm     .    R - scarf {rC+ rF+}
rCorr   +          Rampage  .    U - +2 pair of gloves of the True Pharaoh {+Blink Regen+ Int-4 Stlth+}
Will    ++++.      Clarity  +    I - +2 pair of boots {Fly}
Stlth   ..........               e - amulet of the Four Winds {rN+ Will+++ Clar}
HPRegen 1.44/turn                T - ring "Hathiudi" {Str+6 Int+3}
MPRegen 0.27/turn                c - ring of magical power

@: berserking (expiring), flying, glowing, studying Evocations, very quick
A: no striking features
}: 2/15 runes: barnacled, gossamer
a: Renounce Religion, Evoke Blink, Potion Petition, Call Merchant, Bribe Branch


You were on level 2 of the Elven Halls.
You worshipped Gozag.
Gozag was most pleased with you.
You visited 6 branches of the dungeon, and saw 32 of its levels.
You also visited: Ice Cave.

You collected 12008 gold pieces.
You spent 6984 gold pieces at shops.
You paid 799 gold pieces to Gozag.

Inventory:

Hand Weapons
 a - the +5 hand axe of Hubris (weapon) {elec, +Blink rF+}
   (You found it on level 5 of the Lair of Beasts)

   It occasionally discharges a powerful burst of electricity upon striking a
   foe.
   rF:        It protects you from fire.
   +Blink:    It lets you blink.
 b - the +8 storm bow {elec, penet}
   (You bought it in a shop on level 2 of the Orcish Mines)

   Any ammunition fired from it occasionally discharges a powerful burst of
   electricity upon striking a foe.
   Any ammunition fired by it passes through the targets it hits, potentially
   hitting all targets in its path until it reaches maximum range.
 s - the +6 shortbow of the Middle {flame, rElec Int+2 Dex+2}
   (You bought it in a shop on level 13 of the Dungeon)

   Any ammunition fired from it burns those it strikes, dealing additional fire
   damage.
   Int:       It affects your intelligence (+2).
   Dex:       It affects your dexterity (+2).
   rElec:     It insulates you from electricity.
 x - the +4 dagger of Corruption {freeze, rElec rPois Dex-3 Stlth+}
   (You bought it in a shop on level 13 of the Dungeon)

   It freezes those it strikes, dealing additional cold damage.
   It can also slow down cold-blooded creatures.
   Dex:       It affects your dexterity (-3).
   rElec:     It insulates you from electricity.
   rPois:     It protects you from poison.
   Stlth:     It makes you more stealthy.
 M - the +7 arbalest "Tilam" {antimagic, rC++}
   (You bought it in a shop on level 13 of the Dungeon)

   It reduces the magical energy of the wielder, and disrupts the spells and
   magical abilities of those it strikes.
   Natural abilities and divine invocations are not affected.
   rC:        It greatly protects you from cold.
 O - the +7 morningstar "Wavvull" {flame, Dex+3}
   (You bought it in a shop on level 2 of the Orcish Mines)

   It burns those it strikes, dealing additional fire damage.
   Dex:       It affects your dexterity (+3).
Missiles
 d - 41 poisoned darts (quivered)
 p - 2 curare-tipped darts
Armour
 k - a +2 leather armour of poison resistance (worn)
 q - the +1 helmet of the Beginning (worn) {rCorr SInv}
   (You acquired it on level 3 of the Spider Nest)

   SInv:      It lets you see invisible.
   rCorr:     It protects you from acid and corrosion.
 E - the +6 leather armour "Misisoawko" {Int+4 Dex+4}
   (You found it on level 2 of the Spider Nest)

   Int:       It affects your intelligence (+4).
   Dex:       It affects your dexterity (+4).
 I - a +2 pair of boots of flying (worn)
 P - a +2 ring mail of fire resistance
 R - a scarf of resistance (worn)
 U - the +2 pair of gloves of the True Pharaoh (worn) {+Blink Regen+ Int-4 Stlth+}
   (You found it on level 3 of the Lair of Beasts)

   Int:       It affects your intelligence (-4).
   +Blink:    It lets you blink.
   Regen:     It increases your rate of health regeneration.
   Stlth:     It makes you more stealthy.
 Y - a +2 robe of cold resistance
Magical Staves
 D - a staff of fire
Jewellery
 c - a ring of magical power (right hand)
 e - the amulet of the Four Winds (around neck) {rN+ Will+++ Clar}
   (You bought it in a shop on level 13 of the Dungeon)

   [amulet of nothing]

   rN:        It protects you from negative energy.
   Clar:      It protects you against confusion.
   Will:      It greatly increases your willpower.
 i - a ring of ice
 F - a ring of positive energy
 J - a ring of willpower
 T - the ring "Hathiudi" (left hand) {Str+6 Int+3}
   (You bought it in a shop on level 13 of the Dungeon)

   [ring of strength]

   Str:       It affects your strength (+6).
   Int:       It affects your intelligence (+3).
Wands
 g - a wand of light (17)
 C - a wand of flame (45)
 L - a wand of charming (21)
 Q - a wand of digging (8)
Scrolls
 l - 2 scrolls of teleportation
 m - a scroll of blinking
 t - 2 scrolls of fog
 u - a scroll of poison
 w - 3 scrolls of immolation
 A - a scroll of silence
 G - 7 scrolls of enchant weapon
 H - a scroll of fear
 N - 3 scrolls of magic mapping
 S - a scroll of acquirement
Potions
 f - 5 potions of berserk rage
 n - a potion of resistance
 o - 4 potions of heal wounds
 r - 4 potions of curing
 v - a potion of invisibility
 z - 2 potions of ambrosia
 B - 5 potions of lignification
 K - 5 potions of brilliance
Miscellaneous
 W - a condenser vane


   Skills:
 + Level 17.4 Fighting
 - Level 3.0 Short Blades
 - Level 9.6(10.0) Axes
 - Level 3.0(5.9) Maces & Flails
 * Level 8.3 Ranged Weapons
 - Level 1.0 Throwing
 - Level 12.0 Armour
 + Level 4.2 Dodging
 + Level 3.8 Stealth
 + Level 9.6 Spellcasting
 + Level 14.7 Conjurations
 - Level 3.0 Hexes
 - Level 2.0 Necromancy
 - Level 5.0 Translocations
 + Level 16.3 Fire Magic
 - Level 5.0 Air Magic
 - Level 4.0 Poison Magic
 + Level 8.3 Evocations


You had 7 spell levels left.
You knew the following spells:

 Your Spells              Type           Power      Damage    Failure   Level
a - Foxfire               Conj/Fire      100%       2x1d9     0%          1
b - Scorch                Fire           100%       2d10      1%          2
c - Kindle Blastsparks    Fire/Tloc/Air  80%        2d16      1%          3
d - Sticky Flame          Conj/Fire      59%        2d7       1%          4
e - Inner Flame           Hex/Fire       43%        N/A       1%          3
f - Blink                 Tloc           52%        N/A       1%          2
g - Mephitic Cloud        Conj/Pois/Air  37%        N/A       1%          3
h - Poisonous Vapours     Pois/Air       48%        N/A       2%          2
i - Starburst             Conj/Fire      29%        6d9       2%          6
w - Flame Wave            Conj/Fire      59%        2d14      1%          4

Your spell library contained the following spells:

 Spells                   Type           Power      Damage    Failure   Level
 Kiss of Death            Conj/Necr      100%       2d13      1%          1
 Momentum Strike          Conj/Tloc      88%        3d10      1%          2
 Dazzling Flash           Conj/Hex       80%        N/A       1%          3
 Ignite Poison            Fire/Tmut/Pois 33%        N/A       1%          3
 Slow                     Hex            76%        N/A       2%          1
 Cigotuvi's Dreadful Rot  Necr/Pois/Air  42%        N/A       3%          2
 Lesser Beckoning         Tloc           52%        N/A       3%          3
 Sublimation of Blood     Necr           15%        N/A       6%          2
 Confusing Touch          Hex            19%        N/A       9%          3
 Beastly Appendage        Tmut           16%        N/A       10%         1
 Spider Form              Tmut/Pois      15%        N/A       12%         3
 Vampiric Draining        Necr           15%        2d7       12%         3
 Irradiate                Conj/Tmut      17%        3d17      12%         5
 Wereblood                Tmut           8%         N/A       14%         2
 Summon Guardian Golem    Hex/Summ       14%        N/A       16%         3
 Orb of Destruction       Conj           29%        9d9       19%         7
 Ozocubu's Armour         Ice            8%         N/A       28%         3
 Dispel Undead            Necr           15%        3d10      38%         4
 Silence                  Hex/Air        11%        N/A       45%         5
 Petrify                  Tmut/Erth      8%         N/A       67%         4
 Summon Ice Beast         Ice/Summ       8%         N/A       67%         4
 Agony                    Necr           15%        N/A       75%         5
 Alistair's Intoxication  Tmut/Pois      10%        N/A       75%         5
 Metabolic Englaciation   Hex/Ice        7%         N/A       80%         5
 Summon Mana Viper        Hex/Summ       14%        N/A       80%         5
 Borgnjor's Vile Clutch   Necr/Erth      6%         N/A       86%         5
 Spellforged Servitor     Conj/Summ      17%        N/A       98%         7
 Eringya's Noxious Bog    Tmut/Pois      7%         N/A       99%         6
 Monstrous Menagerie      Summ           4%         N/A       100%        7
 Summon Hydra             Summ           4%         N/A       100%        7
 Ignition                 Fire           30%        3d10      58%         8
 Chain Lightning          Conj/Air       22%        3d29      100%        9
 Fire Storm               Conj/Fire      29%        8d8       100%        9
 Shatter                  Erth           4%         3d7*      100%        9
 Simulacrum               Ice/Necr       Unusable   N/A       N/A         6

Dungeon Overview and Level Annotations

Branches:
Dungeon (15/15)            Temple (0/1) D:5            Lair (5/5) D:8
 Shoals (4/4) Lair:3       Spider (4/4) Lair:2        Slime (0/5) Lair:5
    Orc (2/2) D:10            Elf (2/3) Orc:2        Vaults (0/5) D:14
 Depths (0/4) D:15          IceCv (visited)

Altars:
Ashenzari
Cheibriados
Dithmenos
Elyvilon
Gozag
Hepliaklqana
Makhleb
Trog
Wu Jian
Zin
The Shining One
Jiyva

Shops:
D:3 *   D:10 [   D:13 (((*=   Orc:2 :(*[   Elf:1 :   Shoals:1 *

Portals:
Desolation: Elf:2

Annotations:
D:13 3 runed translucent doors, exclusion: obsidian statue, Ideihu's ghost, journeyman DjFE
D:15 exclusion: obsidian statue
Lair:1 1 runed translucent door, Dasearox's ghost, journeyman DsFE
Lair:2 3 runed translucent doors, Fannar; Guvu Tong's ghost, journeyman MiBe
Lair:4 3 runed translucent doors, logorrheac's ghost, journeyman GnWn
Lair:5 1 runed translucent door
Shoals:1 Roxanne


Message History

* * * LOW HITPOINT WARNING * * *
The angel completely misses you.
You barely miss the angel.
The angel is heavily wounded.
The angel hits you with a +3 whip of holy wrath!
* * * LOW HITPOINT WARNING * * *
The angel misses you.
You slash the angel!
The angel is severely wounded.
The angel hits you with a +3 whip of holy wrath!
* * * LOW HITPOINT WARNING * * *
The angel misses you.
You closely miss the angel.
The angel is severely wounded.
The angel barely misses you. The angel hits you but does no damage.
You completely miss the angel.
The angel is severely wounded.
The angel gestures.
The angel is healed somewhat.
You are too berserk!
You closely miss the angel.
The angel is heavily wounded.
The angel completely misses you.
The angel hits you with a +3 whip of holy wrath.
* * * LOW HITPOINT WARNING * * *
You barely miss the angel.
The angel is heavily wounded.
You hit the angel.
The angel is heavily wounded.
The angel hits you but does no damage. The angel closely misses you.
You miss the angel.
The angel is heavily wounded.
The angel hits you with a +3 whip of holy wrath.
* * * LOW HITPOINT WARNING * * *
The angel hits you but does no damage.
You miss the angel.
The angel is heavily wounded.
The angel hits you with a +3 whip of holy wrath!!
You die...
Your body crumbles into a pile of gold.

*** **,, **#******,,,
##############..,,,,*,,,,
#...............,,*,,,,,,
#...............,,**,,,,,
#.....##@''##..,,,,+,,,,,
#.....#$A...#,,,,,**,,,,,
#.....#.....#,,,,,**,,,,,
##..####.#.#.#***,,,,,*,,,
#...#..........,*,,*****+*
#...#.#.......#.*,,* *,*
#...#.....∩..,.,#,,* *,*
##...#.#.......#.*,.#****,*
#....#....___..,,*..#.,,,,'


You could see an angel (combustible).

Vanquished Creatures
  Nikola (Spider:1)
  A kraken (Shoals:1)
  Agnes (Spider:2)
  Ilsuiw (Shoals:3)
  Donald (Shoals:1)
  8 emperor scorpions
  A caustic shrike zombie (D:15)
  Louise (Spider:1)
  7 ghost moths
  2 orc warlords
  An angel (Elf:2)
  An ironbound preserver (D:14)
  A stone giant (D:15)
  2 deep elf demonologists
  5 elemental wellsprings (Shoals:3)
  3 spark wasps
  2 deep elf death magi
  13 merfolk impalers
  3 entropy weavers
  3 merfolk javelineers (Shoals:2)
  2 jorogumos (Spider:2)
  3 hydras (Lair:5)
  An ogre mage (D:15)
  9 centaur warriors
  A death knight (D:13)
  2 satyrs
  A radroach (Spider:3)
  7 two-headed ogres
  3 catoblepae (Lair:5)
  5 alligator snapping turtles
  6 boulder beetles
  A merfolk avatar (Shoals:4)
  4 merfolk aquamancers (Shoals:4)
  4 dancing weapons (Elf:1)
  A tengu warrior (D:13)
  Erica (D:11)
  10 death yaks
  3 soul eaters (D:15)
  5 orc high priests
  A storm dragon zombie (D:15)
  8 deep elf knights
  13 skeletal warriors
  2 sun moths
  9 orb spiders
  17 sea snakes
  3 pharaoh ants
  7 steelbarb worms
  A golden dragon skeleton (D:15)
  A kraken simulacrum (Shoals:4)
  10 harpies
  15 deep elf zephyrmancers
  4 orc knights
  4 deep elf archers
  15 deep elf pyromancers
  17 ugly things
  A fire giant zombie (D:15)
  An oklob plant (Lair:4)
  10 orc sorcerers
  A frost giant zombie (D:15)
  A tengu skeleton (D:15)
  19 wolf spiders
  A stone giant skeleton (D:15)
  17 manticores
  11 fauns
  4 moths of wrath
  2 cyclopes
  A fire giant skeleton (D:15)
  4 merfolk sirens
  A frost giant skeleton (D:15)
  3 black mambas
  3 water nymphs
  5 elephants (Lair:2)
  Psyche (D:10)
  7 torpor snails
  10 cane toads
  An unseen horror (D:13)
  3 demonic crawlers
  4 efreet
  4 rime drakes
  A freezing wraith (D:13)
  6 komodo dragons
  A tengu conjurer (D:15)
  2 polar bears
  8 trolls
  A yaktaur (D:15)
  A spriggan skeleton (D:15)
  20 merfolk
  An ice devil (IceCv)
  5 wind drakes
  4 blink frogs (Lair:1)
  3 meliai (D:14)
  A tarantella (shapeshifter) (D:14)
  12 snapping turtles
  18 tarantellas
  8 dream sheep
  3 slime creatures (D:12)
  33 jumping spiders
  3 vampires
  2 shadows
  18 culicivoras
  6 air elementals
  6 wyverns
  17 water elementals
  66 yaks
  A fire elemental (Elf:1)
  4 fire bats (D:10)
  4 wraiths
  A steam dragon (D:8)
  7 basilisks
  46 redbacks
  8 vampire mosquitoes
  9 wargs
  An acid dragon (D:8)
  A hell hound (D:10)
  16 water moccasins
  3 ice beasts
  40 orc warriors
  11 ogres
  11 wolves
  2 black bears
  11 centaurs
  A kobold brigand (D:11)
  3 phantoms
  20 bullfrogs
  3 scorpions (D:5)
  2 gnoll sergeants
  2 necrophages (D:4)
  4 wights (D:8)
  2 elephant simulacra (IceCv)
  4 howler monkeys
  2 lava snakes (D:10)
  A hound (D:7)
  2 gnoll boudas (D:9)
  3 jellies (D:6)
  22 orc priests
  2 iguanas
  38 orc wizards
  2 troll simulacra (IceCv)
  A spriggan simulacrum (IceCv)
  A polar bear simulacrum (IceCv)
  17 gnolls
  5 adders
  2 shadow imps
  2 white imps
  2 ufetubi (IceCv)
  2 dart slugs
  97 orcs
  6 ball pythons
  3 endoplasms
  2 giant cockroaches
  11 goblins
  8 hobgoblins
  12 jackals
  6 quokkas
  8 bats
  2 frilled lizards (D:1)
  10 kobolds
  21 rats
  3 tentacles (Shoals:1)
1125 creatures vanquished.

Vanquished Creatures (collateral kills)
  A boulder beetle (Spider:1)
  A sun moth (Spider:3)
  A sea snake (Shoals:2)
  A wolf spider (Spider:3)
  3 manticores (Shoals:2)
  A merfolk siren (Shoals:2)
  A merfolk (Shoals:2)
  2 wolves (Lair:1)
  27 foxfires
38 creatures vanquished.

Vanquished Creatures (others)
  A jumping spider (Spider:2)
  2 wolves (Lair:1)
  3 fire vortices (D:10)
  3538 foxfires
  22 fungi
  175 plants
  8 tentacles
3749 creatures vanquished.

Grand Total: 4912 creatures vanquished

Notes
Turn   | Place    | Note
-------+----------+-------------------------------------------
     0 | D:1      | Lobster4 the Hill Orc Fire Elementalist began the quest for
                  | the Orb.
     0 | D:1      | Reached XP level 1. HP: 14/14 MP: 3/3
   257 | D:1      | Reached XP level 2. HP: 16/22 MP: 0/4
   636 | D:1      | Learned a level 2 spell: Scorch
  1065 | D:1      | Reached XP level 3. HP: 27/27 MP: 2/5
  2225 | D:2      | Reached skill level 1 in Fighting
  2225 | D:2      | Reached skill level 1 in Armour
  2691 | D:2      | Reached XP level 4. HP: 34/35 MP: 2/6
  3097 | D:3      | Found Gozag's Platinum Reserve.
  3119 | D:3      | Found an opulent altar of Gozag.
  3335 | D:3      | Became a worshipper of Gozag Ym Sagoz the Greedy
  3583 | D:3      | Found a broken altar of Ashenzari.
  3948 | D:3      | Reached skill level 1 in Necromancy
  4015 | D:3      | Noticed a phantom
  4057 | D:3      | Killed a phantom
  4058 | D:3      | Reached skill level 2 in Fighting
  4058 | D:3      | Reached XP level 5. HP: 14/41 MP: 2/8
  5023 | D:4      | Reached XP level 6. HP: 50/50 MP: 2/9
  5083 | D:4      | Found a shadowy altar of Dithmenos.
  5778 | D:5      | Entered Level 5 of the Dungeon
  6076 | D:5      | Noticed an ice beast
  6092 | D:5      | Killed an ice beast
  6093 | D:5      | Reached skill level 1 in Evocations
  6093 | D:5      | Reached XP level 7. HP: 48/56 MP: 1/10
  6181 | D:5      | Found a staircase to the Ecumenical Temple.
  6244 | D:5      | Reached skill level 3 in Fighting
  6244 | D:5      | Reached skill level 1 in Throwing
  6462 | D:5      | Reached skill level 5 in Fire Magic
  6613 | D:4      | Reached XP level 8. HP: 66/66 MP: 4/12
  7199 | D:6      | Reached skill level 4 in Fighting
  7743 | D:6      | Found a snail-covered altar of Cheibriados.
  7885 | D:6      | Identified the +0 dagger of Plague {drain, rPois rN+ Will+}
  8572 | D:7      | Reached skill level 1 in Short Blades
  8796 | D:7      | Reached XP level 9. HP: 73/73 MP: 7/14
  8914 | D:7      | Reached skill level 5 in Fighting
  9422 | D:7      | Reached skill level 5 in Armour
 10522 | D:8      | Noticed a two-headed ogre
 10528 | D:8      | Killed a two-headed ogre
 10529 | D:8      | Reached skill level 6 in Fighting
 10529 | D:8      | Reached skill level 5 in Conjurations
 10959 | D:8      | Reached XP level 10. HP: 78/84 MP: 3/17
 11158 | D:8      | Noticed a manticore
 11169 | D:8      | Killed a manticore
 11170 | D:8      | Reached skill level 7 in Fighting
 11544 | D:8      | Identified a scroll of acquirement
 11545 | D:8      | Acquired the +2 hat of the Crushed Bones {Rampage Str+3}
 11573 | D:8      | Reached skill level 5 in Spellcasting
 11886 | D:8      | Found a staircase to the Lair.
 11899 | D:8      | Learned a level 4 spell: Flame Wave
 12281 | D:9      | Reached skill level 1 in Maces & Flails
 12305 | D:9      | Found a burning altar of Makhleb.
 12693 | D:9      | Reached skill level 8 in Fighting
 12777 | D:9      | Got the Folio of the Ruinous Oath
 13485 | D:10     | Entered Level 10 of the Dungeon
 13964 | D:10     | Noticed Psyche
 13979 | D:10     | Killed Psyche
 14094 | D:10     | Found a hazy altar of Hepliaklqana.
 14094 | D:10     | Found an ornate altar of the Wu Jian Council.
 14447 | D:10     | Reached XP level 11. HP: 44/95 MP: 19/19
 14949 | D:10     | Found a staircase to the Orcish Mines.
 15215 | D:10     | Learned a level 4 spell: Sticky Flame
 15736 | D:11     | Noticed Erica
 15776 | Orc:1    | Entered Level 1 of the Orcish Mines
 15784 | Orc:1    | Reached skill level 9 in Fighting
 15832 | Orc:1    | Noticed an orc warlord
 15999 | Lair:1   | Entered Level 1 of the Lair of Beasts
 16136 | Lair:1   | Found a runed translucent door.
 16136 | Lair:1   | Noticed Dasearox's ghost (journeyman DsFE)
 16266 | Lair:1   | Found a frozen archway.
 16337 | IceCv    | Entered an ice cave
 17476 | Lair:1   | Reached skill level 10 in Fighting
 17675 | Lair:1   | Reached skill level 10 in Fire Magic
 18372 | Lair:2   | Noticed Fannar
 18415 | Lair:2   | Noticed a minotaur
 18415 | Lair:2   | Noticed Guvu Tong's ghost (journeyman MiBe)
 18561 | Lair:2   | Found a runed translucent gate.
 18561 | Lair:2   | Found a runed translucent gate.
 18561 | Lair:2   | Found a runed translucent gate.
 18672 | Lair:2   | Learned a level 3 spell: Inner Flame
 18695 | Lair:2   | Found a hole to the Spider Nest.
 18711 | Lair:2   | Reached XP level 12. HP: 108/108 MP: 13/21
 18730 | Lair:2   | Reached skill level 1 in Hexes
 19611 | Lair:2   | You fall into a shaft and drop 2 floors!
 20060 | Lair:2   | Reached skill level 11 in Fighting
 20956 | Lair:3   | Reached skill level 1 in Axes
 21200 | Lair:3   | Found a staircase to the Shoals.
 21298 | Lair:3   | Identified the +2 pair of gloves of the True Pharaoh
                  | {+Blink Regen+ Int-4 Stlth+}
 22180 | Lair:4   | Reached skill level 10 in Conjurations
 22415 | Lair:4   | Found a runed translucent gate.
 22415 | Lair:4   | Found a runed translucent gate.
 22415 | Lair:4   | Found a runed translucent gate.
 22417 | Lair:4   | Noticed a rockslime
 22419 | Lair:4   | Noticed an azure jelly
 22564 | Lair:4   | Reached skill level 12 in Fighting
 22564 | Lair:4   | Reached XP level 13. HP: 61/118 MP: 22/22
 23022 | Lair:4   | Noticed an acid blob
 23023 | Lair:4   | Noticed logorrheac's ghost (journeyman GnWn)
 23023 | Lair:4   | Noticed an acid blob
 23024 | Lair:4   | Noticed an azure jelly
 23024 | Lair:4   | Noticed a quicksilver ooze
 23024 | Lair:4   | Noticed an azure jelly
 23024 | Lair:4   | Noticed an acid blob
 23025 | Lair:4   | Noticed an acid blob
 23025 | Lair:4   | Noticed an azure jelly
 23026 | Lair:4   | Noticed an azure jelly
 23026 | Lair:4   | Noticed an acid blob
 23027 | Lair:4   | Found a viscous altar of Jiyva.
 23254 | Lair:5   | Entered Level 5 of the Lair of Beasts
 23363 | Lair:5   | Found a runed translucent door.
 23363 | Lair:5   | Found a viscous altar of Jiyva.
 23817 | Lair:5   | Reached skill level 5 in Evocations
 24567 | Lair:5   | Found a staircase to the Slime Pits.
 25190 | Lair:5   | Identified the +5 hand axe of Hubris {elec, +Blink rF+}
 25906 | Lair:5   | Found a shadowy altar of Dithmenos.
 26096 | Lair:4   | Reached skill level 13 in Fighting
 27114 | Lair:5   | Reached XP level 14. HP: 74/129 MP: 15/23
 28413 | D:11     | Killed Erica
 28924 | D:11     | Learned a level 3 spell: Kindle Blastsparks
 30165 | D:12     | Reached skill level 1 in Air Magic
 30645 | D:10     | Reached skill level 1 in Translocations
 30734 | D:10     | Bought a fading leather armour for 189 gold pieces
 30734 | D:10     | Identified the +2 leather armour of Luxkuici {*Slow rC+
                  | rCorr Dex+3} (You bought it in a shop on level 10 of the
                  | Dungeon)
 30734 | D:10     | Bought a pair of steaming gloves for 256 gold pieces
 30734 | D:10     | Identified the +1 pair of gloves "Plog" {Harm rC+} (You
                  | bought it in a shop on level 10 of the Dungeon)
 30740 | D:10     | Bought an embroidered cloak for 202 gold pieces
 30749 | D:10     | Bought a bronze chain mail for 256 gold pieces
 30749 | D:10     | Identified the +11 chain mail "Ixzuox" {Rampage Int+3} (You
                  | bought it in a shop on level 10 of the Dungeon)
 30749 | D:10     | Bought a runed ring mail for 189 gold pieces
 30749 | D:10     | Bought a pair of runed gloves for 202 gold pieces
 30829 | D:10     | Killed an orc warlord
 31210 | Orc:1    | Found a bloodstained altar of Trog.
 31886 | Orc:2    | Entered Level 2 of the Orcish Mines
 32332 | Orc:2    | Noticed an orc warlord
 32340 | Orc:2    | Killed an orc warlord
 32711 | Orc:2    | Reached skill level 14 in Fighting
 33378 | Orc:1    | Reached XP level 15. HP: 114/138 MP: 14/25
 33750 | Orc:2    | Found Elerets's Antique Armour Boutique.
 33750 | Orc:2    | Found Gewnor's Antique Weapon Boutique.
 33752 | Orc:2    | Found Zeiraq's General Store.
 33752 | Orc:2    | Found Iqaisos's Book Shop.
 33768 | Orc:2    | Bought a smoking morningstar for 216 gold pieces
 33768 | Orc:2    | Identified the +7 morningstar "Wavvull" {flame, Dex+3} (You
                  | bought it in a shop on level 2 of the Orcish Mines)
 34306 | Orc:2    | Found a staircase to the Elven Halls.
 35343 | D:13     | Reached skill level 1 in Ranged Weapons
 35477 | D:13     | Found Tunkuije's Antique Weapon Boutique.
 35502 | D:13     | Bought a faintly glowing shortbow for 312 gold pieces
 35502 | D:13     | Identified the +6 shortbow of the Middle {flame, rElec
                  | Int+2 Dex+2} (You bought it in a shop on level 13 of the
                  | Dungeon)
 35502 | D:13     | Bought a pitted dagger for 273 gold pieces
 35502 | D:13     | Identified the +4 dagger of Corruption {freeze, rElec rPois
                  | Dex-3 Stlth+} (You bought it in a shop on level 13 of the
                  | Dungeon)
 35507 | D:13     | Learned a level 2 spell: Blink
 35542 | D:13     | Found Zoth's Antique Weapon Shop.
 36159 | D:13     | Reached skill level 5 in Axes
 36228 | D:13     | Found a runed translucent gate.
 36228 | D:13     | Found a runed translucent gate.
 36228 | D:13     | Found a runed translucent gate.
 36232 | D:13     | Found an opulent altar of Gozag.
 36235 | D:13     | Found Isurghimi's Assorted Antiques.
 36235 | D:13     | Noticed Ideihu's ghost (journeyman DjFE)
 36361 | D:13     | Found Plog's Jewellery Boutique.
 36522 | D:13     | Found Yrenwaeq's Antique Weapon Shop.
 36528 | D:13     | Bought an encrusted arbalest for 370 gold pieces
 36528 | D:13     | Identified the +7 arbalest "Tilam" {antimagic, rC++} (You
                  | bought it in a shop on level 13 of the Dungeon)
 36661 | D:13     | Noticed a fire giant
 37321 | D:13     | Bought the ring "Hathiudi" {Str+6 Int+3} for 838 gold
                  | pieces
 38561 | D:14     | Found a gate to the Vaults.
 38964 | D:15     | Entered Level 15 of the Dungeon
 38996 | D:14     | Learned a level 3 spell: Mephitic Cloud
 39239 | Spider:1 | Entered Level 1 of the Spider Nest
 39882 | Spider:1 | Killed a ghost moth
 39883 | Spider:1 | Reached skill level 1 in Poison Magic
 40408 | Spider:1 | Noticed an emperor scorpion
 40944 | Spider:1 | Reached XP level 16. HP: 147/147 MP: 24/27
 41043 | Spider:1 | Noticed Nikola
 41073 | Spider:1 | Killed Nikola
 41080 | Spider:1 | Noticed Louise
 41091 | Spider:1 | Killed Louise
 41977 | Spider:1 | Reached skill level 15 in Fighting
 41977 | Spider:1 | Reached skill level 10 in Armour
 42331 | D:13     | Bought the amulet of the Four Winds {rN+ Will+++ Clar} for
                  | 1031 gold pieces
 42331 | D:13     | Found the amulet of the Four Winds {rN+ Will+++ Clar}
 43276 | Elf:1    | Entered Level 1 of the Elven Halls
 44011 | Elf:1    | Paralysed by an air elemental for 1 turns
 44052 | Elf:1    | Paralysed by an air elemental for 1 turns
 44285 | Elf:1    | Found Jumy's One-of-a-Kind Books.
 44291 | Elf:1    | Paralysed by an air elemental for 1 turns
 44296 | Elf:1    | Paralysed by an air elemental for 1 turns
 44310 | Elf:1    | Learned a level 2 spell: Poisonous Vapours
 45479 | Orc:2    | Bought the +8 storm bow {elec, penet} for 1516 gold pieces
 45479 | Orc:2    | Found the +8 storm bow {elec, penet}
 46976 | Spider:2 | Reached XP level 17. HP: 156/156 MP: 12/29
 47434 | Spider:2 | Identified the +6 leather armour "Misisoawko" {Int+4 Dex+4}
 47606 | Spider:3 | Noticed Agnes
 47628 | Spider:2 | Killed Agnes
 47789 | Spider:3 | Identified the +6 falchion of Fittuwk {vamp, rN+ Dex+2}
 48115 | Spider:2 | Reached skill level 5 in Ranged Weapons
 48732 | Spider:3 | Acquired the +1 helmet of the Beginning {rCorr SInv}
 49215 | Spider:4 | Entered Level 4 of the Spider Nest
 52034 | Spider:4 | Reached skill level 15 in Fire Magic
 52245 | Spider:4 | Reached skill level 5 in Air Magic
 52945 | Spider:4 | Reached skill level 16 in Fighting
 53408 | Spider:4 | Reached skill level 5 in Translocations
 53604 | Spider:4 | Got a gossamer rune of Zot
 54197 | D:15     | Found a staircase to the Depths.
 54706 | D:15     | Reached XP level 18. HP: 103/166 MP: 30/30
 56516 | D:15     | Found the +4 Cigotuvi's embrace {rMiasma Drain rN+}
 57376 | Shoals:1 | Entered Level 1 of the Shoals
 58638 | Shoals:1 | Identified Roxanne's Tractate on Shapes
 58638 | Shoals:1 | Noticed Roxanne
 58646 | Shoals:1 | Found Itwasay's Overcharged Wands.
 58658 | Shoals:1 | Bought a wand of light (18) for 1134 gold pieces
 59033 | Shoals:1 | Noticed Donald
 59062 | Shoals:1 | Killed Donald
 61516 | Shoals:2 | Learned a level 6 spell: Starburst
 62094 | Shoals:3 | Reached skill level 17 in Fighting
 62586 | Shoals:3 | Reached XP level 19. HP: 141/177 MP: 26/32
 63850 | Shoals:3 | Noticed Ilsuiw
 63867 | Shoals:3 | Killed Ilsuiw
 64300 | Shoals:4 | Entered Level 4 of the Shoals
 66512 | Shoals:4 | Got a barnacled rune of Zot
 67758 | Elf:2    | Found a glowing golden altar of the Shining One.
 67758 | Elf:2    | Found a white marble altar of Elyvilon.
 67761 | Elf:2    | Found a glowing silver altar of Zin.
 67783 | Elf:2    | Found a crumbling gateway.
 67809 | Elf:2    | HP: 9/265 [angel/+3 whip of holy wrath (12)]
 67815 | Elf:2    | HP: 11/265 [angel/+3 whip of holy wrath (1)]
 67816 | Elf:2    | Mangled by an angel

Illustrated notes

Levels and vault maps discovered:
D:1:      lemuel_arrival_behind_the_door_large, layout_loops_corners,
          minmay_misc_feat_cross
D:2:      layout_basic, roderic_serpentine_path
D:3:      layout_loops_cross, cheibrodos_ashenzari_chains,
          nicolae_gozag_zags_fifth_avenue, minmay_rat_hole
D:4:      layout_basic, mainiacjoe_overflow_brackets, grunt_ministairs_8
D:5:      layout_basic, minmay_temple_entry_glass, serial_bayou_ford_a,
          minivault_1
D:6:      layout_loops_cross, mainiacjoe_overflow_six_doors_small
D:7:      layout_basic, lightli_bailey_entry_fortress
D:8:      layout_rooms, erik_lair_dragon
D:9:      layout_basic, mainiacjoe_overflow_alcove_1
D:10:     layout_roguey, nicolae_overflow_two_pavilions,
          minmay_orc_entry_guard_dogs, hangedman_incinerator, uniq_psyche
D:11:     layout_roguey, uniq_erica
D:12:     layout_long_grid
D:13:     layout_stronghold, ebering_ghost_gozag, serial_shops,
          nicolae_shop_temple_entry_statues_fountains, nicolae_take_the_stairs,
          shop_fountains, kennysheep_little_box
D:14:     layout_roguey, skrybe_vaults_entry_preservation, minmay_hedge_maze
D:15:     grunt_enter_depths_giant_problem, layout_loops_ring,
          chequers_mini_garden, nicolae_trove_entry_crystal, minivault_16,
          hellmonk_guarded_unrand_cigotuvi
Lair:1:   layout_cave_pods, hellmonk_ghost_happy_afterlife,
          portal_ice_cave_rime, serial_bayou_shore_a, serial_bayou_shore_b
Lair:2:   layout_big_grid, spider_nest_entry_web_field,
          maelrawn_ghost_gauntlet_escape, minivault_24, uniq_fannar
Lair:3:   layout_chaotic_city, minmay_shoals_entry_centaurs,
          chequers_serial_rivers_micro_a
Lair:4:   layout_cave_pods, gammafunk_ghost_ooze
Lair:5:   evilmike_catoblepas_cave, layout_cave_pods, slime_entry_2, basic_altar
Shoals:1: layout_shoals, nicolae_shop_overcharged_wands, uniq_donald,
          uniq_roxanne
Shoals:2: layout_shoals, nicolae_shoals_pincushion_passage
Shoals:3: layout_shoals, nicolae_shoals_raging_river, uniq_ilsuiw
Shoals:4: shoals_end_grunt_ice, layout_shoals, shoal_ilsuiw
Spider:1: layout_spider_delve, guppyfry_spider_mini_2, uniq_nikola, uniq_louise
Spider:2: layout_spider_delve
Spider:3: layout_spider_delve, uniq_agnes
Spider:4: grunt_spider_rune_circles
Orc:1:    layout_diamond_mine, basic_altar, guppyfry_library_mini
Orc:2:    st_orc_congregation, layout_caves
Elf:1:    eino_elf_arrival_the_gate, layout_geoelf_diagonals,
          minmay_elf_crystal_hexagon, nicolae_rare_books
Elf:2:    elven_hall_of_blades_hangedman_original [nooodl_blade_entry_preview],
          layout_gridlike, portal_desolation_entry_holy_temple

Skill      XL: |  1  2  3  4  5  6  7  8  9 10 11 12 13 14 15 16 17 18 19 |
---------------+----------------------------------------------------------+-----
Fighting       | 1 2 3 4 6 8 10 12 13 14 15 16 17 | 17.4
Armour         | 1 2 3 4 5 6 7 8 9 10 11 12 | 12.0
Stealth        | 2 3 |  3.8
Dodging        | 2 3 4 |  4.2
Spellcasting   | 2 3 4 5 6 7 8 9 |  9.6
Necromancy     | 1 2 |  2.0
Conjurations   | 2 3 4 5 7 9 10 11 12 13 14 | 14.7
Fire Magic     | 4 5 7 8 10 11 12 13 14 15 16 | 16.3
Evocations     | 1 2 3 6 7 8 |  8.3
Throwing       | 1 |  1.0
Short Blades   | 1 3 |  3.0
Maces & Flails | 2 3 |  3.0
Hexes          | 3 |  3.0
Axes           | 4 6 8 9 |  9.6
Air Magic      | 2 3 4 5 |  5.0
Translocations | 2 3 5 |  5.0
Ranged Weapons | 3 4 6 7 8 |  8.3
Poison Magic   | 1 3 4 |  4.0

Action                   |  1- 3 |  4- 6 |  7- 9 | 10-12 | 13-15 | 16-18 | 19-21 || total
-------------------------+-------+-------+-------+-------+-------+-------+-------++-------
Melee: Unarmed           |     7 |       |       |       |       |       |       ||     7
       Whip              |    25 |    13 |       |       |       |       |       ||    38
       Dagger            |       |       |    10 |   124 |    87 |    85 |       ||   306
       Mace              |       |       |       |    10 |       |       |       ||    10
       Punch             |       |       |       |     4 |     4 |     3 |       ||    11
       Scimitar          |       |       |       |     4 |       |       |       ||     4
       Trident           |       |       |       |     1 |       |       |       ||     1
       War axe           |       |       |       |    11 |    16 |       |       ||    27
       Hand axe          |       |       |       |       |    96 |   108 |    13 ||   217
 Fire: Shortbow          |       |       |       |       |     2 |    35 |    33 ||    70
       Longbow           |       |       |       |       |       |   331 |    41 ||   372
Throw: Dart              |       |       |     8 |     4 |     8 |    13 |     3 ||    36
       Throwing net      |       |       |       |     1 |       |       |       ||     1
 Cast: Foxfire           |    71 |   121 |   161 |   431 |   592 |   393 |   267 ||  2036
       Scorch            |     7 |    13 |    65 |   247 |   539 |   602 |    92 ||  1565
       Flame Wave        |       |       |       |     1 |    26 |    28 |     4 ||    59
       Inner Flame       |       |       |       |     8 |     3 |     2 |       ||    13
       Sticky Flame      |       |       |       |       |   101 |   179 |    14 ||   294
       Kindle Blastspark |       |       |       |       |    10 |    15 |       ||    25
       Poisonous Vapours |       |       |       |       |       |   174 |    22 ||   196
       Mephitic Cloud    |       |       |       |       |       |     3 |       ||     3
       Blink             |       |       |       |       |       |     1 |       ||     1
       Starburst         |       |       |       |       |       |     2 |    20 ||    22
Invok: Call Merchant     |       |       |       |       |     1 |       |       ||     1
       Potion Petition   |       |       |       |       |       |     1 |       ||     1
 Abil: Evoke Blink       |       |       |       |       |     2 |     5 |       ||     7
Evoke: Wand              |       |       |       |    16 |    22 |    19 |     1 ||    58
       Condenser vane    |       |       |       |       |       |     2 |       ||     2
  Use: Potion            |       |     1 |       |     2 |     4 |    18 |     4 ||    29
       Scroll            |       |       |    12 |    19 |    10 |    25 |     6 ||    72
 Stab: Sleeping          |       |     1 |     1 |     2 |       |     4 |       ||     8
       Distracted        |       |       |       |     3 |       |       |       ||     3
       Invisible         |       |       |       |       |       |     1 |       ||     1
Armor: Robe              |     5 |     1 |    24 |    25 |       |       |       ||    55
       Leather armour    |       |       |     3 |   153 |    82 |   586 |   108 ||   932
       Ring mail         |       |       |       |       |   313 |   267 |       ||   580
Dodge: Dodged            |    33 |    22 |    58 |   212 |   385 |   656 |   107 ||  1473

Table legend: (Time is in decaauts)
 A = Elapsed time spent in this place.
 B = Non-inter-level travel time spent in this place.
 C = Inter-level travel time spent in this place.
 D = Time resting spent in this place.
 E = Time spent auto-exploring this place.
 F = Levels seen in this place.
 G = Mean time per level.
                   A        B        C        D        E       F      G
               +--------+--------+--------+--------+--------+-----+--------+
         Total |  68094 |  62019 |   6075 |  22112 |  25618 |  33 | 2063.5 |
       Dungeon |  27317 |  24698 |   2619 |   6885 |  13137 |  15 | 1821.1 |
          Lair |  12926 |  11205 |   1721 |   4069 |   4729 |   5 | 2585.2 |
        Shoals |   9525 |   9268 |    257 |   3379 |   3262 |   4 | 2381.2 |
   Spider Nest |  11234 |  10525 |    709 |   5299 |   2365 |   4 | 2808.5 |
  Orcish Mines |   4282 |   3579 |    703 |   1458 |   1215 |   2 | 2141.0 |
   Elven Halls |   2251 |   2186 |     65 |    645 |    909 |   2 | 1125.5 |
      Ice Cave |    557 |    557 |      0 |    375 |      0 |   1 |  557.0 |
               +--------+--------+--------+--------+--------+-----+--------+

Top non-repeatable levels by time:
Spider:4: 3793 daAuts
  Lair:5: 3768 daAuts
Spider:1: 3589 daAuts
    D:15: 3034 daAuts
   Orc:1: 2913 daAuts
Shoals:3: 2753 daAuts
  Lair:4: 2707 daAuts
    D:10: 2676 daAuts
  Lair:1: 2627 daAuts
Shoals:4: 2497 daAuts
     D:8: 2484 daAuts
    D:13: 2281 daAuts
Shoals:1: 2270 daAuts
  Lair:2: 2219 daAuts
    D:14: 2029 daAuts
